 Dungeon Crawl Stone Soup version 0.29.0-10-g45618ea6d2 (webtiles) character file.

Game seed: 14988025880870492207

8346 vianneychevalier the Cleaver (level 11, -5/95 HPs)
             Began as a Minotaur Gladiator on Sept 1, 2022.
             Was an Elder of Ru.
             Slain by a skeletal warrior
             ... wielding a +1 flail
              (20 damage)
             ... on level 10 of the Dungeon.
             The game lasted 00:51:43 (10933 turns).

vianneychevalier the Cleaver (Minotaur Gladiator)  Turns: 10933, Time: 00:51:44

Health: -5/95      AC: 16    Str: 22    XL:     11   Next: 8%
Magic:  0/10       EV:  9    Int:  7    God:    Ru [****..]
Gold:   482        SH:  6    Dex: 19    Spells: 10/10 levels left

rFire   . . .      SeeInvis +   d - +5 war axe (vorpal)
rCold   . . .      Faith    .   g - +0 buckler
rNeg    . . .      Spirit   +   x - +4 scale mail "Ceits" {Int+4}
rPois   .          Reflect  .   c - +0 hat
rElec   +          Harm     .   r - +2 cloak of the Thief {*Fog Slay-2 SInv Stlth+}
rCorr   .          Rampage  .   (no gloves)
Will    +....                   (no boots)
Stlth   ++........              j - amulet "Sait" {Spirit rElec Will+}
HPRegen 0.25/turn               n - ring of flight
MPRegen 0.12/turn               e - +6 ring of dexterity

@: about to teleport, flying, studying Dodging
A: horns 2, dopey 1, inability to use devices, hated by all, inability to train
dodging, retaliatory headbutt
a: Renounce Religion, Draw Out Power, Power Leap


You were on level 10 of the Dungeon.
You worshipped Ru.
Ru was greatly pleased with you.
You visited 1 branch of the dungeon, and saw 11 of its levels.

You collected 482 gold pieces.

Inventory:

Hand Weapons
 a - a +0 war axe
 d - a +5 vorpal war axe (weapon)
 k - a +4 short sword of electrocution
 m - a +0 spear
 v - a +3 sling of flaming
 y - a +3 battleaxe of freezing
 z - a +5 long sword
 A - a +2 halberd
Armour
 b - a +0 leather armour
 c - a +0 hat (worn)
 f - a +0 scale mail
 g - a +0 buckler (worn)
 r - the +2 cloak of the Thief (worn) {*Fog Slay-2 SInv Stlth+}
   (You acquired it on level 6 of the Dungeon)

   It may release a thick cloud of smoke when the wearer is hurt.
   Slay:      It affects your accuracy & damage with ranged weapons and melee
   (-2).
   SInv:      It lets you see invisible.
   Stlth:     It makes you more stealthy.
 x - the +4 scale mail "Ceits" (worn) {Int+4}
   (You found it on level 6 of the Dungeon)

   Int:       It affects your intelligence (+4).
 I - a +1 cloak
Jewellery
 e - a +6 ring of dexterity (right hand)
 h - a ring of fire
 j - the amulet "Sait" (around neck) {Spirit rElec Will+}
   (You found it on level 5 of the Dungeon)

   [amulet of guardian spirit]

   It causes incoming damage to be divided between your reserves of health and
   magic.
   rElec:     It insulates you from electricity.
   Will:      It increases your willpower.
 l - an amulet of magic regeneration
 n - a ring of flight (left hand)
 H - a ring of see invisible
Scrolls
 i - 4 scrolls of teleportation
 o - 2 scrolls of vulnerability
 s - a scroll of poison {unknown}
 u - a scroll of amnesia
 w - a scroll of magic mapping
 B - a scroll of fear
 J - a scroll of blinking
Potions
 p - 3 potions of flight
 q - 3 potions of cancellation
 C - a potion of brilliance
 D - a potion of haste
 F - a potion of invisibility {unknown}


   Skills:
 + Level 8.9 Fighting
 + Level 13.7 Axes
 + Level 3.3 Throwing
 + Level 9.6 Armour
 + Level 3.6 Stealth
 + Level 4.3 Shields


You had 10 spell levels left.
You didn't know any spells.
Your spell library contained the following spells:

 Spells                   Type           Power      Damage    Failure   Level
 Beastly Appendage        Tmut           0%         N/A       80%         1
 Necrotise                Necr           0%         1d4       80%         1
 Shock                    Conj/Air       0%         1d3       80%         1
 Ensorcelled Hibernation  Hex/Ice        0%         N/A       90%         2
 Passwall                 Tmut/Erth      0%         N/A       90%         2
 Poisonous Vapours        Pois/Air       0%         N/A       90%         2
 Scorch                   Fire           0%         2d5       90%         2
 Sublimation of Blood     Necr           0%         N/A       90%         2
 Wereblood                Tmut           0%         N/A       90%         2
 Spider Form              Tmut/Pois      0%         N/A       99%         3
 Swiftness                Air            0%         N/A       99%         3
 Airstrike                Air            0%         2d(0-16)  100%        4
 Corpse Rot               Necr/Pois/Air  0%         N/A       100%        4
 Flame Wave               Conj/Fire      0%         2d4       100%        4
 Fulminant Prism          Conj/Hex       0%         3d6       100%        4
 Iskenderun's Mystic Bla  Conj/Tloc      0%         2d3       100%        4
 Olgreb's Toxic Radiance  Pois           0%         N/A       100%        4
 Lee's Rapid Deconstruct  Erth           0%         3d5*      100%        5
 Ozocubu's Refrigeration  Ice            0%         4d7       100%        7
 Ignition                 Fire           0%         3d3       100%        8
 Summon Cactus Giant      Summ           Unusable   N/A       N/A         6
 Summon Hydra             Summ           Unusable   N/A       N/A         7

Dungeon Overview and Level Annotations

Branches:
Dungeon (11/15)            Temple (0/1) D:7             Orc (0/2) D:10
   Lair: D:8-11

Altars:
Kikubaaqudgha
Ru
Sif Muna
Vehumet
Xom

Shops:
D:1 (   D:6 *


Innate Abilities, Weirdness & Mutations

You have a pair of horns on your head.
You are dopey. (Int -2)
You cannot study or use magical devices.
You are hated by all.
You cannot train Dodging skill.
You reflexively headbutt those who attack you in melee.


Message History

The skeletal warrior is stunned by your conviction and fails to attack.
Okay, then.
You slash the skeletal warrior!
The skeletal warrior is moderately damaged.
You barely miss the skeletal warrior.
The skeletal warrior hits you but does no damage.
The skeletal warrior hits you with a +0 scimitar!
You hit the skeletal warrior. You headbutt the skeletal warrior.
The skeletal warrior is heavily damaged.
You hit the skeletal warrior.
The skeletal warrior hits you with a +1 flail.
The skeletal warrior hits you but does no damage.
You slash the skeletal warrior!
Your headbutt misses the skeletal warrior.
The skeletal warrior is severely damaged.
You slash the skeletal warrior!
The skeletal warrior hits you with a +1 flail!!
With a swish of your cloak, you release a cloud of fog.
The skeletal warrior hits you with a +0 scimitar.
You are too injured to fight recklessly!
You are too injured to fight recklessly!
You hit the skeletal warrior.
The skeletal warrior is severely damaged.
You closely miss the skeletal warrior. You closely miss the skeletal warrior.
You headbutt the skeletal warrior, but do no damage.
The skeletal warrior is severely damaged.
You hit the skeletal warrior but do no damage.
You block the skeletal warrior's attack. x2
You slash the skeletal warrior!
The skeletal warrior is almost destroyed.
You hit the skeletal warrior but do no damage.
The skeletal warrior hits you with a +1 flail!!
The skeletal warrior hits you with a +0 scimitar!
* * * LOW HITPOINT WARNING * * *
With a swish of your cloak, you release a cloud of fog.
As you read the scroll of teleportation, it crumbles to dust.
You feel strangely unstable.
The skeletal warrior hits you with a +1 flail!!
You die...

######## ##......## ##.§§§§§..##
#..§§§§§...##########
#(.§z@§§............#
############>.§§§z§............#
..........##..§§§§§............##
.########.....####.##############
.# #........# #.######.##### ##
.# #.######.###.......)#.#.###.
.# #.# #..##..#..###..##.#..# .#
#.# #..##.#..##.........## .# #.#
#..##.###...##.#.#.##


You could see 2 skeletal warriors.

Vanquished Creatures
  A hydra (D:10)
  2 two-headed ogres (D:10)
  Maurice (D:10)
  An unseen horror (D:6)
  A troll (D:10)
  A wyvern (D:8)
  2 shadows
  A wraith (D:10)
  6 yaks (D:8)
  3 steam dragons
  A warg (D:10)
  An acid dragon (D:8)
  2 ice beasts
  A water moccasin (D:4)
  6 orc warriors
  A sky beast (D:6)
  4 ogres
  A black bear (D:5)
  4 centaurs
  A phantom (D:6)
  2 bullfrogs
  2 scorpions
  3 necrophages
  5 wights (D:7)
  7 killer bees
  2 howler monkeys
  2 orc priests (D:7)
  A hound (D:6)
  3 jellies (D:6)
  2 iguanas
  15 orc wizards
  7 adders
  3 shadow imps
  A white imp (D:6)
  An ufetubus (D:6)
  2 worms
  A dart slug (D:1)
  44 orcs
  5 bats
  3 endoplasms
  4 giant cockroaches
  10 goblins
  5 hobgoblins
  2 jackals (D:1)
  3 quokkas
  9 ball pythons
  3 frilled lizards
  7 kobolds
  A rat (D:2)
196 creatures vanquished.

Vanquished Creatures (others)
  A gargoyle (D:10)
  A killer bee (D:9)
2 creatures vanquished.

Grand Total: 198 creatures vanquished

Notes
Turn   | Place    | Note
-------+----------+-------------------------------------------
     0 | D:1      | vianneychevalier the Minotaur Gladiator began the quest for
                  | the Orb.
     0 | D:1      | Reached XP level 1. HP: 18/18 MP: 0/0
   141 | D:1      | Reached XP level 2. HP: 26/26 MP: 1/1
   162 | D:1      | Found a faded altar of an unknown god.
   213 | D:1      | Prayed at the altar of an unknown god.
   213 | D:1      | Became a worshipper of Ru the Awakened
   220 | D:1      | Gained mutation: You cannot study or use magical devices.
                  | [Ru sacrifice]
   220 | D:1      | Reached * piety under Ru
   220 | D:1      | Reached ** piety under Ru
   416 | D:1      | Reached skill level 4 in Axes
   842 | D:1      | Found Xaor's Antique Weapon Emporium.
   866 | D:1      | Reached XP level 3. HP: 20/31 MP: 2/2
  1025 | D:1      | Reached skill level 1 in Armour
  2220 | D:3      | You fall into a shaft and drop 1 floor!
  2289 | D:4      | Reached XP level 4. HP: 38/38 MP: 3/3
  2308 | D:4      | Gained mutation: You are dopey. (Int -2) [Ru sacrifice]
  2585 | D:4      | Noticed a water moccasin
  2612 | D:4      | Reached skill level 5 in Axes
  2618 | D:4      | Reached XP level 5. HP: 45/45 MP: 4/4
  2622 | D:4      | Killed a water moccasin
  2869 | D:4      | Reached XP level 6. HP: 42/52 MP: 5/5
  3073 | D:5      | Entered Level 5 of the Dungeon
  3127 | D:5      | Identified the amulet "Sait" {Spirit rElec Will+}
  3177 | D:5      | Reached skill level 1 in Stealth
  3260 | D:5      | Reached skill level 6 in Axes
  3396 | D:5      | Reached skill level 1 in Shields
  3519 | D:5      | Reached XP level 7. HP: 24/59 MP: 6/6
  3877 | D:5      | Reached skill level 7 in Axes
  4145 | D:6      | Found a large runed translucent door.
  4146 | D:6      | Found a large runed translucent door.
  4288 | D:6      | Found a large runed translucent door.
  4291 | D:6      | Found a large runed translucent door.
  4303 | D:6      | Reached skill level 5 in Armour
  4303 | D:6      | Reached XP level 8. HP: 50/67 MP: 7/7
  4313 | D:6      | Noticed an unseen horror
  4560 | D:6      | Reached skill level 5 in Fighting
  4715 | D:6      | Identified a scroll of acquirement
  4715 | D:6      | Acquired the +2 cloak of the Thief {*Fog Slay-2 SInv
                  | Stlth+}
  4715 | D:6      | Found the +2 cloak of the Thief {*Fog Slay-2 SInv Stlth+}
  4752 | D:6      | Killed an unseen horror
  4753 | D:6      | Reached skill level 8 in Axes
  4753 | D:6      | Reached skill level 5 in Dodging
  5225 | D:6      | Gained mutation: You are hated by all. [Ru sacrifice]
  5225 | D:6      | Reached *** piety under Ru
  5251 | D:6      | Identified the +4 scale mail "Ceits" {Int+4}
  5258 | D:6      | Reached skill level 9 in Axes
  5307 | D:6      | Found Irphynoamn's Assorted Antiques.
  5618 | D:6      | Found an ancient bone altar of Kikubaaqudgha.
  5628 | D:6      | Reached XP level 9. HP: 73/74 MP: 8/8
  5641 | D:6      | Got Kikubaaqudgha's Reference Book on the Grave
  5662 | D:6      | Found a radiant altar of Vehumet.
  5688 | D:6      | Found a shimmering blue altar of Sif Muna.
  6034 | D:6      | Identified the +7 chain mail of a Labyrinth {*Slow Regen+
                  | Str+8 Dex-2}
  6216 | D:7      | Found a staircase to the Ecumenical Temple.
  6451 | D:7      | Reached skill level 10 in Axes
  7200 | D:8      | Reached skill level 11 in Axes
  7542 | D:8      | Reached XP level 10. HP: 76/84 MP: 7/9
  7692 | D:8      | Reached skill level 12 in Axes
  7735 | D:8      | Gained mutation: You cannot train Dodging skill. [Ru
                  | sacrifice]
  7735 | D:8      | Reached **** piety under Ru
  8318 | D:9      | Found a shimmering altar of Xom.
  8983 | D:10     | Entered Level 10 of the Dungeon
  8986 | D:10     | Noticed a two-headed ogre
  8990 | D:10     | Killed a two-headed ogre
  9102 | D:10     | Noticed a gargoyle
  9113 | D:10     | Killed a gargoyle
  9248 | D:10     | Reached skill level 13 in Axes
  9453 | D:10     | Noticed a two-headed ogre
  9473 | D:10     | Killed a two-headed ogre
  9474 | D:10     | Found a staircase to the Orcish Mines.
  9975 | D:10     | Noticed Maurice
  9986 | D:10     | Killed Maurice
 10061 | D:10     | Reached XP level 11. HP: 93/95 MP: 3/10
 10243 | D:10     | Noticed a four-headed hydra
 10531 | D:10     | Killed a ten-headed hydra
 10922 | D:11     | Noticed a skeletal warrior
 10922 | D:11     | Noticed a skeletal warrior
 10922 | D:11     | Noticed a skeletal warrior
 10922 | D:11     | Noticed a skeletal warrior
 10933 | D:10     | Slain by a skeletal warrior

Illustrated notes

Levels and vault maps discovered:
D:1:      onia_arrival_mini_spirals, layout_basic,
          shapermc_ecumenical_altar_totnotflames, serial_shops,
          nicolae_shop_waterfront
D:2:      layout_basic
D:3:      layout_loops_ring, dk_vineyard_1
D:4:      layout_basic, minmay_manual_moon
D:5:      layout_rooms
D:6:      layout_layer_cave, palyth_temple_overflow_mages, serial_shops, shop,
          minmay_hollow_rounded_squares
D:7:      layout_loops_cross, minmay_temple_entry_statues_fountains
D:8:      layout_cave_pods, minmay_bent
D:9:      layout_basic, gammafunk_temple_overflow_forgotten, old_standard_altar,
          minmay_mirror_moons_of_madness, uniq_amaemon
D:10:     layout_rooms, erik_orc_3, uniq_maurice
D:11:     layout_rooms, lair_entry_dummy, evilmike_minifort

Skill      XL: |  1  2  3  4  5  6  7  8  9 10 |
---------------+-------------------------------+-----
Fighting       | 3 4 5 6 8 |  8.9
Axes           | 4 5 6 7 9 11 13 | 13.7
Armour         | 1 2 3 5 7 8 9 |  9.6
Dodging        | 4 5 6 0 |  0.0
Stealth        | 1 2 3 |  3.6
Throwing       | 3 |  3.3
Shields        | 1 2 4 |  4.3

Action                   |  1- 3 |  4- 6 |  7- 9 | 10-12 || total
-------------------------+-------+-------+-------+-------++-------
Melee: War axe           |    85 |    47 |   206 |   114 ||   452
       Headbutt          |     7 |     8 |    43 |    20 ||    78
Throw: Javelin           |    20 |     3 |       |     6 ||    29
       Throwing net      |     3 |       |       |       ||     3
Invok: Sacrifice Artific |     1 |       |       |       ||     1
       Sacrifice Purity  |       |     1 |       |       ||     1
       Sacrifice Love    |       |       |     1 |       ||     1
       Power Leap        |       |       |       |     6 ||     6
       Sacrifice Nimblen |       |       |       |     1 ||     1
  Use: Scroll            |     1 |     9 |    10 |     4 ||    24
       Potion            |       |     6 |     1 |     3 ||    10
 Stab: Distracted        |       |       |     2 |       ||     2
       Sleeping          |       |       |     2 |       ||     2
       Invisible         |       |       |     1 |     1 ||     2
Armor: Scale mail        |    42 |    22 |    83 |    53 ||   200
       Skin              |       |    20 |       |       ||    20
Dodge: Dodged            |    40 |    44 |    89 |    56 ||   229
Block: Buckler           |    12 |    12 |    23 |    31 ||    78
